 Dungeon Crawl Stone Soup version 0.27.0-1-g7a089689b8 (webtiles) character file.

Game seed: 2561910766124398780

58 dtburroughs the Skirmisher (level 3, -1/49 HPs)
             Began as a Minotaur Berserker on Aug 4, 2021.
             Was a Follower of Trog.
             Succumbed to an adder's poison
             ... on level 2 of the Dungeon.
             The game lasted 00:02:29 (1110 turns).

dtburroughs the Skirmisher (Minotaur Berserker)     Turns: 1110, Time: 00:02:30

Health: -1/49      AC:  2    Str: 21    XL:     3   Next: 75%
Magic:  2/2        EV: 12    Int:  5    God:    Trog [*.....]
Gold:   61         SH:  0    Dex:  9    Spells: 2/2 levels left

rFire    . . .     SeeInvis .   a - +0 hand axe
rCold    . . .     Faith    .   (no shield)
rNeg     . . .     Spirit   .   b - +0 animal skin
rPois    .         Reflect  .   (helmet restricted)
rElec    .         Harm     .   (no cloak)
rCorr    .         Rampage  .   (no gloves)
Will     +....                  (no boots)
Stlth    ..........             (no amulet)
HPRegen  0.16/turn              f - ring of willpower
MPRegen  0.08/turn              (no ring)

@: berserking, lethally poisoned (-1 -> -12), slow
A: horns 2, retaliatory headbutt
a: Renounce Religion, Berserk


You were on level 2 of the Dungeon.
You worshipped Trog.
Trog was aware of your devotion.
You visited 1 branch of the dungeon, and saw 2 of its levels.

You collected 61 gold pieces.

Inventory:

Hand Weapons
 a - a +0 hand axe (weapon)
Armour
 b - a +0 animal skin (worn)
Jewellery
 f - a ring of willpower (left hand)
Scrolls
 e - a scroll of identify {unknown}
 j - a scroll of enchant armour {unknown}
 l - a scroll of blinking {unknown}
Potions
 c - a potion of heal wounds {unknown}
 d - a potion of cancellation {unknown}
 g - a potion of might {unknown}
 h - a potion of brilliance {unknown}
 i - a potion of degeneration {unknown}
 k - a potion of curing {unknown}


   Skills:
 + Level 4.2 Fighting
 + Level 4.2 Axes
 + Level 3.2 Armour
 + Level 2.9 Dodging


You had 2 spell levels left.
You didn't know any spells.
Your spell library was empty.

Dungeon Overview and Level Annotations

Branches:
Dungeon (2/15)

Altars:

Shops:
D:2 !


Innate Abilities, Weirdness & Mutations

You have a pair of horns on your head.
You reflexively headbutt those who attack you in melee.


Message History

The adder is lightly wounded.
The adder bites you.
Your unstable footing causes you to fumble your attack.
The adder bites you.
You barely miss the adder.
The adder is lightly wounded.
The adder bites you. x2
You are poisoned.
The adder poisons you!
Your unstable footing causes you to fumble your attack.
You feel sick. The adder bites you.
A red film seems to cover your vision as you go berserk!
You feel yourself moving faster!
You feel mighty!
You feel sick. The adder bites you.
* * * LOW HITPOINT WARNING * * *
You are more poisoned.
The adder poisons you!
Your unstable footing causes you to fumble your attack.
You feel sick. The adder bites you.
* * * LOW HITPOINT WARNING * * *
You are lethally poisoned!
The adder poisons you!
Your unstable footing causes you to fumble your attack.
* * * LOW HITPOINT WARNING * * *
You feel sick. The adder bites you.
* * * LOW HITPOINT WARNING * * *
You barely miss the adder. Your headbutt misses the adder.
The adder is lightly wounded.
* * * LOW HITPOINT WARNING * * *
You feel sick. The adder bites you but does no damage.
Your unstable footing causes you to fumble your attack.
* * * LOW HITPOINT WARNING * * *
You feel sick. The adder bites you.
* * * LOW HITPOINT WARNING * * *
You are more poisoned.
The adder poisons you!
You slash the adder!
You kill the adder!
Trog accepts your kill.
You die...

...#
#≈≈≈≈###########....#
...# ##≈≈≈≈#
#.......####.# .....
#≈≈≈≈≈# #.#####.# #.#
#.##.# #≈≈≈≈≈#
#.#####.# #.# #.# .#
#≈≈≈≈####....##.####.#
..# #
#≈≈≈≈......#.........#
##
#≈≈≈≈####.......######
#≈≈≈≈## #########
#≈≈≈≈@# #≈≈≈≈≈#
##≈≈≈≈# #≈≈≈≈≈
..≈≈≈≈≈# ?#.#≈≈≈≈≈ #
#.#≈≈≈≈≈# #.##≈≈≈≈≈


There were no monsters in sight!

Vanquished Creatures
  Terence (D:2)
  An adder (D:2)
  A worm (D:2)
  4 bats
  2 endoplasms (D:1)
  4 giant cockroaches (D:1)
  4 jackals (D:1)
  3 kobolds (D:1)
  4 ball pythons (D:1)
  3 frilled lizards
  2 rats (D:1)
29 creatures vanquished.

Notes
Turn   | Place    | Note
-------+----------+-------------------------------------------
     0 | D:1      | dtburroughs the Minotaur Berserker began the quest for the
                  | Orb.
     0 | D:1      | Reached XP level 1. HP: 19/19 MP: 0/0
   328 | D:1      | Reached XP level 2. HP: 27/27 MP: 1/1
   928 | D:2      | Noticed Terence
   931 | D:2      | Reached XP level 3. HP: 33/33 MP: 2/2
   936 | D:2      | Killed Terence
  1032 | D:2      | Found Wex Eto's Distillery.
  1109 | D:2      | HP: 1/49 [adder (2)]
  1110 | D:2      | Succumbed to an adder's poison

Illustrated notes

Levels and vault maps discovered:
D:1:      dpeg_arrival_another_circle, layout_basic, minmay_tetromino_o2
D:2:      wander_river, layout_loops_cross, serial_shops, nicolae_shop_trees,
          item_on_display_a, uniq_terence

Skill      XL: |  1  2 |
---------------+-------+-----
Axes           | 4 |  4.2
Fighting       | 4 |  4.2
Armour         | 3 |  3.2
Dodging        | |  2.9

Action                   || total
-------------------------++-------
Melee: Hand axe          ||    67
       Headbutt          ||     9
Invok: Berserk           ||     2
Armor: Animal skin       ||    11
Dodge: Dodged            ||    49
